 Dungeon Crawl Stone Soup version 0.28.0-53-g5a82cb258f (webtiles) character file.

Game seed: 4326928477016540405

517 Kranky the Skirmisher (level 7, 0/54 HPs)
             Began as an Octopode Fighter on June 20, 2022.
             Succumbed to a water moccasin's poison
             ... on level 5 of the Dungeon.
             The game lasted 00:06:25 (4773 turns).

Kranky the Skirmisher (Octopode Fighter)            Turns: 4773, Time: 00:06:26

Health: 0/54       AC:  1    Str: 15    XL:     7   Next: 20%
Magic:  7/7        EV: 13    Int: 11    God:
Gold:   258        SH:  5    Dex: 13    Spells: 6/6 levels left

rFire   + . .      SeeInvis .   i - +0 dagger (elec)
rCold   + . .      Faith    .   b - +0 buckler
rNeg    . . .      Spirit   .   (helmet restricted)
rPois   +          Reflect  .   (no amulet)
rElec   +          Harm     .   (no ring)
rCorr   +          Rampage  .   (no ring)
Will    .....                   (no ring)
Stlth   +++.......              (no ring)
HPRegen 0.18/turn               (no ring)
MPRegen 0.10/turn               (no ring)
                                (no ring)
                                (no ring)

@: lethally poisoned (0 -> -14), resistant
A: almost no armour, amphibious, 8 rings, camouflage 1, gelatinous body 1,
(nimble swimmer 1), tentacles
a: no special abilities


You were on level 5 of the Dungeon.
You visited 1 branch of the dungeon, and saw 5 of its levels.

You collected 258 gold pieces.

Inventory:

Hand Weapons
 a - a +0 flail
 i - a +0 dagger of electrocution (weapon)
Missiles
 q - 10 poisoned darts (quivered)
Armour
 b - a +0 buckler (worn)
Jewellery
 d - a ring of flight
 k - a ring of see invisible
Scrolls
 e - a scroll of acquirement {unknown}
 h - a scroll of identify {unknown}
 j - a scroll of enchant weapon {unknown}
 l - 2 scrolls of teleportation {unknown}
 m - a scroll of fear {unknown}
 n - a scroll of blinking {unknown}
 p - a scroll of noise {unknown}
 r - a scroll of fog {unknown}
Potions
 c - 3 potions of might
 f - a potion of invisibility {unknown}
 o - a potion of heal wounds {unknown}
 s - a potion of flight {unknown}


   Skills:
 + Level 7.1 Fighting
 - Level 2.0 Maces & Flails
 + Level 3.5 Dodging
 - Level 3.0 Stealth
 + Level 3.5 Shields


You had 6 spell levels left.
You didn't know any spells.
Your spell library contained the following spells:

 Spells                   Type           Power      Damage    Failure   Level
 Corpse Rot               Necr/Air       0%         N/A       56%         2
 Poisonous Vapours        Pois/Air       0%         N/A       56%         2
 Static Discharge         Conj/Air       0%         N/A       56%         2
 Lightning Bolt           Conj/Air       0%         1d11      100%        5
 Maxwell's Capacitive Co  Air            0%         ∞         100%        8


Dungeon Overview and Level Annotations

Branches:
Dungeon (5/15)
 Temple: D:4-7

Altars:


Innate Abilities, Weirdness & Mutations

You cannot wear most types of armour.
You are amphibious.
You can wear up to eight rings at the same time.
Your skin changes colour to match your surroundings (Stealth+).
Your rubbery body absorbs attacks. (AC +1, EV +1)
((You are camouflaged when in or above water. (Stealth+)))
You have tentacles for arms and can constrict up to eight enemies at once.


Message History

Your grab misses the water moccasin. The water moccasin bites you.
You are poisoned.
The water moccasin poisons you!
You completely miss the water moccasin.
Ijyb shouts!
Your grab misses the water moccasin. Your squeeze misses the water moccasin.
You feel very sick. The water moccasin bites you! The water moccasin bites you.
You barely miss Ijyb. Your grab misses Ijyb. You squeeze Ijyb.
Ijyb is lightly wounded.
You feel very sick. The water moccasin closely misses you.
You block Ijyb's attack.
You hit Ijyb but do no damage. Your grab misses Ijyb. Your squeeze misses Ijyb.
Ijyb is lightly wounded.
You feel sick. The water moccasin barely misses you.
You block the water moccasin's attack. Ijyb hits you with a +0 dagger.
You hit Ijyb but do no damage. You grab Ijyb. You squeeze Ijyb!
Ijyb is heavily wounded.
You constrict Ijyb.
You feel sick. The water moccasin bites you. Ijyb hits you with a +0 dagger.
You are too injured to fight recklessly!
You hit Ijyb but do no damage. You squeeze Ijyb.
Ijyb is severely wounded.
You constrict Ijyb, but do no damage.
You feel sick. The water moccasin bites you. Ijyb closely misses you.
The water moccasin barely misses you.
You hit Ijyb but do no damage. Lightning courses through Ijyb!!
You kill Ijyb!
You feel sick. The water moccasin bites you!
* * * LOW HITPOINT WARNING * * *
You are lethally poisoned!
The water moccasin poisons you!
* * * LOW HITPOINT WARNING * * *
You feel very sick. The water moccasin bites you.
* * * LOW HITPOINT WARNING * * *
You see here an iguana corpse.
It was a potion of resistance.
You feel protected.
You die...

..#. .... ##
... #.. ..
#..####.#
###...#.#.#
#.........#
!.....#)S.#
.##....@.##
........<..#
#.........##
.....#.....#
.....#####...
.... .... ..#
....# ..
.##.# ##


You could see a water moccasin.

Vanquished Creatures
  An ogre (D:4)
  A gnoll sergeant (D:4)
  2 howler monkeys (D:4)
  A jelly (D:4)
  Ijyb (D:5)
  2 iguanas
  An orc wizard (D:4)
  5 gnolls (D:4)
  2 adders
  2 adder skeletons (D:4)
  3 worms
  2 orcs (D:3)
  4 bats
  7 endoplasms
  5 giant cockroaches
  12 goblins
  9 hobgoblins
  3 jackals (D:3)
  4 kobolds
  4 quokkas
  4 ball pythons
  5 frilled lizards
  8 rats
88 creatures vanquished.

Notes
Turn   | Place    | Note
-------+----------+-------------------------------------------
     0 | D:1      | Kranky the Octopode Fighter began the quest for the Orb.
     0 | D:1      | Reached XP level 1. HP: 16/16 MP: 1/1
    63 | D:1      | Reached skill level 1 in Stealth
    69 | D:1      | Reached XP level 2. HP: 16/21 MP: 2/2
   624 | D:1      | Found a faded altar of an unknown god.
   837 | D:1      | Reached XP level 3. HP: 26/26 MP: 3/3
  1314 | D:2      | Reached skill level 4 in Fighting
  1467 | D:2      | Identified the +0 plate armour of Cowardice {rElec}
  1635 | D:3      | Reached XP level 4. HP: 30/33 MP: 4/4
  2477 | D:3      | Reached skill level 5 in Fighting
  2477 | D:3      | Reached XP level 5. HP: 23/39 MP: 5/5
  3015 | D:4      | Noticed an ogre
  3025 | D:4      | Killed an ogre
  3026 | D:4      | Reached skill level 6 in Fighting
  3026 | D:4      | Reached XP level 6. HP: 15/46 MP: 6/6
  4302 | D:4      | Reached XP level 7. HP: 20/53 MP: 7/7
  4516 | D:4      | Reached skill level 7 in Fighting
  4753 | D:5      | Entered Level 5 of the Dungeon
  4764 | D:5      | Noticed Ijyb
  4771 | D:5      | Killed Ijyb
  4773 | D:5      | Succumbed to a water moccasin's poison

Illustrated notes

Levels and vault maps discovered:
D:1:      ncdulo_lavacross, layout_loops_ring,
          shapermc_ecumenical_altar_mp_urbaneastern, minivault_19,
          minmay_bisected
D:2:      layout_rooms
D:3:      minmay_skewed_foursquare, layout_basic, kennysheep_generic_room_9
D:4:      kennysheep_spiral_hall, layout_cave_pods, lightli_minifort
D:5:      layout_cave_pools, uniq_ijyb, uniq_blork_the_orc

Skill      XL: |  1  2  3  4  5  6  7 |
---------------+----------------------+-----
Stealth        | 1 2 3 |  3.0
Fighting       | 4 5 6 7 |  7.1
Maces & Flails | |  2.0
Dodging        | |  3.5
Shields        | |  3.5

Action                   |  1- 3 |  4- 6 |  7- 9 || total
-------------------------+-------+-------+-------++-------
Melee: Flail             |    19 |       |       ||    19
       Constrict         |    18 |    17 |     5 ||    40
       Dagger            |    54 |    71 |    22 ||   147
       Tentacles         |    13 |    20 |     9 ||    42
       Punch             |       |     2 |     1 ||     3
  Use: Potion            |       |       |     1 ||     1
 Stab: Sleeping          |    11 |    11 |     1 ||    23
Armor: Skin              |       |     2 |       ||     2
Dodge: Dodged            |    41 |    30 |     7 ||    78
Block: Buckler           |     9 |    14 |     7 ||    30
